 Dungeon Crawl Stone Soup version 0.25.1-1-g288607f5aa (webtiles) character file.

Game seed: 9447296061433385629

264 Ijustatesigmund the Chopper (level 6, -1/43 HPs)
             Began as an Octopode Fighter on July 24, 2020.
             Slain by a sky beast (5 damage)
             ... on level 4 of the Dungeon.
             The game lasted 00:03:49 (3223 turns).

Ijustatesigmund the Chopper (Octopode Fighter)      Turns: 3223, Time: 00:03:50

Health: -1/43      AC:  1    Str: 15    XL:     6   Next: 19%
Magic:  6/6        EV: 12    Int: 11    God:
Gold:   148        SH:  9    Dex: 13    Spells: 5/5 levels left

rFire    . . .     SeeInvis .   a - +0 war axe
rCold    . . .     Gourm    .   b - +0 kite shield
rNeg     + . .     Faith    .   (helmet restricted)
rPois    .         Spirit   .   (no amulet)
rElec    .         Reflect  .   e - ring of positive energy
rCorr    .         Harm     .   (no ring)
MR       .....                  (no ring)
Stlth    ++........             (no ring)
HPRegen  0.14/turn              (no ring)
MPRegen  0.10/turn              (no ring)
                                (no ring)
                                (no ring)

@: no status effects
A: almost no armour, stealthy swim, amphibious, 8 rings, constrict 8, camouflage
1, gelatinous body 1
a: no special abilities


You were on level 4 of the Dungeon.
You were not hungry.

You visited 1 branch of the dungeon, and saw 4 of its levels.

You collected 148 gold pieces.

Inventory:

Hand Weapons
 a - a +0 war axe (weapon)
Missiles
 k - 10 poisoned darts (quivered)
Armour
 b - a +0 kite shield (worn)
Jewellery
 e - a ring of positive energy (left tentacle)
Wands
 m - a wand of flame (18)
Scrolls
 g - 2 scrolls of fear
 h - a scroll of blinking
 i - a scroll of identify
 j - 3 scrolls of remove curse
Potions
 c - a potion of might
 f - a potion of brilliance
Comestibles
 d - 6 rations
 n - 4 chunks of flesh


   Skills:
 + Level 4.0 Fighting
 * Level 4.2 Axes
 + Level 4.0 Dodging
 + Level 4.0 Shields


You had 5 spell levels left.
You didn't know any spells.
Your spell library was empty.

Dungeon Overview and Level Annotations

Branches:
Dungeon (4/15)
 Temple: D:4-7

Altars:
Qazlal


Innate Abilities, Weirdness & Mutations

You cannot wear most types of armour.
You are very stealthy in the water. (Stealth+)
You are amphibious.
You can wear up to eight rings at the same time.
You can use your tentacles to constrict eight enemies at once.
Your skin changes colour to match your surroundings (Stealth+).
Your rubbery body absorbs attacks. (AC +1, EV +1)


Message History

Really target yourself?
Okay, then.
Unknown command.
Throwing (i - inventory)
k - 11 poisoned darts (quivered)
Press: ? - help, Shift-Dir - straight line You throw a poisoned dart.
You barely miss something. Something hits you. Something shocks you.
You completely miss something. Something hits you. Something shocks you.
You closely miss something. Something hits you. Something shocks you.
Something hits you. Something shocks you.
* * * LOW HITPOINT WARNING * * *
You closely miss something. Your squeeze misses something. Something hits you.
* * * LOW HITPOINT WARNING * * *
Something shocks you.
* * * LOW HITPOINT WARNING * * *
You miss something. Something barely misses you.
You feel better. Something hits you.
* * * LOW HITPOINT WARNING * * *
Something shocks you.
You die...

#.....#.# #.#
#####.#.# #.## #.#.#
#..# #.#.# ##.#
#.#.# #.#
##################.#
...............#
.#...#...#...#.#
(((...{@.......#
.#...#...#...###
.....!........#
###############


There were no monsters in sight!

Vanquished Creatures
  A howler monkey (D:4)
  3 orc priests
  5 adders
  A shadow imp (D:3)
  An ooze (D:3)
  2 worms
  3 dart slugs (D:2)
  4 leopard geckos
  3 orcs (D:3)
  3 giant cockroaches
  11 goblins
  9 hobgoblins
  4 kobolds
  2 quokkas (D:2)
  4 bats
  3 frilled lizards
  8 rats
67 creatures vanquished.

Notes
Turn   | Place    | Note
-------+----------+-------------------------------------------
     0 | D:1      | Ijustatesigmund the Octopode Fighter began the quest for
                  | the Orb.
     0 | D:1      | Reached XP level 1. HP: 16/16 MP: 1/1
   149 | D:1      | Reached XP level 2. HP: 21/21 MP: 2/2
   451 | D:1      | You fall into a shaft and drop 1 floor!
   494 | D:1      | Reached XP level 3. HP: 15/26 MP: 3/3
  1306 | D:2      | Reached XP level 4. HP: 28/31 MP: 4/4
  1588 | D:2      | Found a faded altar of an unknown god.
  1922 | D:3      | Reached XP level 5. HP: 36/36 MP: 5/5
  3044 | D:4      | Reached XP level 6. HP: 38/43 MP: 6/6
  3135 | D:4      | Found a stormy altar of Qazlal.
  3210 | D:4      | Noticed a sky beast
  3223 | D:4      | Slain by a sky beast

Illustrated notes

Levels and vault maps discovered:
D:1:      erik_arrival_blinker_ship, layout_basic
D:2:      layout_rooms, first_ration, chequers_ecumenical_altar_simple_redux
D:3:      layout_rooms
D:4:      layout_basic, lemuel_doored_altar, lemuel_coloured_pillars_altar,
          lemuel_zombie_altar_kikubaaqudgha, grunt_temple_overflow_open,
          uniq_sigmund, uniq_edmund

Skill      XL: |  1  2  3  4  5  6 |
---------------+-------------------+-----
Axes           | 3 4 |  4.2
Fighting       | 4 |  4.0
Dodging        | 4 |  4.0
Shields        | 4 |  4.0

Action                   |  1- 3 |  4- 6 || total
-------------------------+-------+-------++-------
Melee: War axe           |    61 |    62 ||   123
       Constrict         |    21 |    12 ||    33
       Tentacles         |    17 |     8 ||    25
Throw: Dart              |       |     6 ||     6
  Use: Scroll            |       |     8 ||     8
       Potion            |       |     1 ||     1
 Stab: Sleeping          |     3 |     5 ||     8
  Eat: Chunk             |     1 |     6 ||     7
Armor: Skin              |     3 |     3 ||     6
Dodge: Dodged            |    20 |    19 ||    39
Block: Kite shield       |    29 |    23 ||    52
